 Dungeon Crawl Stone Soup version 0.22-a0-414-gacd343e8ff (webtiles) character file.

3906 Manul the Carver (level 10, -3/76 HPs)
             Began as a Demonspawn Gladiator on May 13, 2018.
             Was an Initiate of Gozag.
             Killed from afar by an orc wizard (6 damage)
             ... with a magic dart
             ... on level 8 of the Dungeon.
             The game lasted 00:11:14 (9567 turns).

Manul the Carver (Demonspawn Gladiator)             Turns: 9567, Time: 00:11:15

Health: -3/76      AC:  8    Str: 15      XL:     10   Next: 0%
Magic:  0/10       EV: 15    Int: 13      God:    Gozag
Gold:   792        SH:  4    Dex: 21 (23) Spells: 9/9 levels left

rFire    + . .     SeeInvis .   a - +1 long sword
rCold    + . .     Gourm    .   (no shield)
rNeg     . . .     Faith    .   l - +0 ring mail
rPois    .         Spirit   +   (helmet restricted)
rElec    .         Reflect  +   n - scarf {repulsion}
rCorr    .         Harm     .   s - +0 pair of gloves (curse)
MR       .....                  w - +0 pair of boots
Stlth    ++........             t - +4 amulet of reflection
HPRegen  0.22/turn              D - ring of Arrival {*Contam rF+ Int+3 Dex+4}
MPRegen  0.24/turn              r - +2 ring of dexterity

@: slowed, repel missiles, very slow
A: antennae 1, cold resistance 1, magic shield, magic regeneration, sturdy frame
1
a: Potion Petition, Call Merchant, Bribe Branch, Renounce Religion


You were on level 8 of the Dungeon.
You worshipped Gozag.
Gozag was pleased with you.
You were not hungry.

You visited 2 branches of the dungeon, and saw 9 of its levels.

You collected 893 gold pieces.
You paid 101 gold pieces to Gozag.

Inventory:

Hand Weapons
 a - a +1 long sword (weapon)
 o - a +4 quarterstaff of chaos
Missiles
 d - 5 throwing nets (quivered)
Armour
 b - a +0 leather armour
 c - a +0 helmet
 l - a +0 ring mail (worn)
 n - a scarf of repulsion (worn)
 s - a cursed +0 pair of gloves (worn)
 w - a +0 pair of boots (worn)
 E - a +0 pair of gloves of archery
 F - a +1 scale mail of fire resistance
Jewellery
 j - an uncursed amulet of magic regeneration
 m - an uncursed ring of fire
 r - a +2 ring of dexterity (right hand)
 t - a +4 amulet of reflection (around neck)
 D - the ring of Arrival (left hand) {*Contam rF+ Int+3 Dex+4}
   (You found it on level 6 of the Dungeon)

   [ring of protection from fire]

   It affects your intelligence (+3).
   It affects your dexterity (+4).
   It protects you from fire.
   It causes magical contamination when unequipped.
Wands
 g - a wand of polymorph (13)
 v - a wand of flame (15)
Scrolls
 e - 2 scrolls of blinking
 i - 2 scrolls of fear
 k - 5 scrolls of identify
 p - a scroll of noise {unknown}
 q - a scroll of remove curse
 u - 2 scrolls of random uselessness {unknown}
 y - 4 scrolls of amnesia
 z - a scroll of teleportation
 B - 3 scrolls of enchant weapon
 H - a scroll of enchant armour {unknown}
Potions
 h - 4 potions of degeneration
 x - a potion of brilliance
 A - a potion of lignification
 G - a potion of resistance
Comestibles
 f - 5 rations


   Skills:
 + Level 6.0 Fighting
 + Level 9.6 Long Blades
 + Level 2.3 Throwing
 + Level 5.5 Armour
 + Level 5.3 Dodging
 + Level 2.1 Stealth


You had 9 spell levels left.
You didn't know any spells.
Your spell library contained the following spells:

 Spells                   Type           Power        Failure   Level  Hunger
 Throw Flame              Conj/Fire      #.....       54%         2    ###....
 Stone Arrow              Conj/Erth      #.....       77%         3    ####...
 Flame Tongue             Conj/Fire      #....        38%         1    ##.....
 Static Discharge         Conj/Air       #.......     77%         3    ####...
 Dazzling Spray           Conj/Hex       #.....       77%         3    ####...
 Searing Ray              Conj           #.....       54%         2    ###....


Dungeon Overview and Level Annotations

Branches:
Dungeon (8/15)             Temple (1/1) D:5            Lair (0/6) D:8

Altars:
Ashenzari
Cheibriados
Dithmenos
Elyvilon
Fedhas
Gozag
Kikubaaqudgha
Makhleb
Nemelex Xobeh
Okawaru
Qazlal
Ru
Sif Muna
Trog
Uskayaw
Vehumet
Wu Jian
Xom
Yredelemnul
Zin
The Shining One
Beogh

Shops:
D:4 }


Innate Abilities, Weirdness & Mutations

You have a pair of small antennae on your head.
Your flesh is cold resistant. (rC+)
When hurt, damage is shared between your health and your magic reserves.
You regenerate magic rapidly.
Your movements are slightly less encumbered by armour. (ER -2)


Message History

The orc warrior barely misses you.
You hit the orc warrior but do no damage.
The orc warrior is severely wounded.
The orc wizard casts a spell at you.
You feel yourself slow down. The orc warrior completely misses you.
The orc wizard hits you with a dagger.
* * * LOW HITPOINT WARNING * * *
You hit the orc warrior but do no damage.
The orc warrior is severely wounded.
The orc wizard misses you.
You riposte.
You hit the orc wizard.
The orc wizard is almost dead.
The orc warrior hits you with a long sword!
* * * LOW HITPOINT WARNING * * *
The orc wizard closely misses you.
You closely miss the orc warrior.
The orc warrior is severely wounded.
The orc wizard casts a spell at you. The magic dart hits you!
You die...
Your body crumbles into a pile of gold.

**,,,**,***,***,,,,,,*,*#.
*,,,,,,,,,,,,,,,,,,,,,,..
*,,,,,,,,,,***,,,,,,**,#.
***,*###*,,***,,,,,,**.#.
*,,..#*,,,,,********...
***#.#*,***,* **.#
#######.#*,,,,,* ### *..
#.......#####*** #.####.
#......oo@o.# #......
#.......###.# #.#*#..
#.......# #.########.# #..
#.......# #....#.....###.#
######### ####.#.###..[..#
####...###.#####
#..........###.#
#..........'...#
#..........###.#


You could see an orc warrior, an orc wizard and an orc.

Vanquished Creatures
  The ghost of Manul the Slasher, a novice DsGl (D:5)
  The ghost of Dreamer the Changer, a novice OpTm (D:4)
  Grinder (D:3)
  A hungry ghost (D:7)
  2 basilisks (D:8)
  2 yaks
  2 porcupines (D:8)
  2 orc warriors
  4 centaurs
  A phantom (D:6)
  3 ogres
  A crocodile (D:8)
  A bullfrog (D:8)
  A wyvern zombie (D:8)
  A scorpion (D:8)
  2 howler monkeys (D:7)
  2 killer bees (D:8)
  2 crimson imps (D:8)
  A centaur zombie (D:7)
  A hound (D:6)
  A jelly (D:8)
  Crazy Yiuf (D:3)
  2 gnoll shamans
  2 orc priests (D:5)
  5 orc wizards
  A bullfrog skeleton (D:4)
  2 iguanas
  2 worker ants (D:8)
  2 hound zombies
  A hound skeleton (D:6)
  14 gnolls
  10 adders
  A river rat (D:5)
  2 oozes
  An adder zombie (D:7)
  2 worms
  2 dart slugs (D:1)
  3 leopard geckos
  29 orcs
  12 bats
  9 giant cockroaches
  12 goblins
  9 hobgoblins
  4 jackals (D:7)
  4 kobolds
  2 quokkas
  5 ball pythons
  4 frilled lizards
  A giant cockroach zombie (D:6)
  A jackal skeleton (D:8)
  A leopard gecko skeleton (D:5)
  A quokka skeleton (D:5)
  5 rats
185 creatures vanquished.

Vanquished Creatures (others)
  An orc wizard (D:8)
  4 bushes (D:8)
  4 fungi (D:8)
  11 plants (D:8)
20 creatures vanquished.

Grand Total: 205 creatures vanquished

Notes
Turn   | Place    | Note
-------+----------+-------------------------------------------
     0 | D:1      | Manul the Demonspawn Gladiator began the quest for the Orb.
     0 | D:1      | Reached XP level 1. HP: 16/16 MP: 1/1
   123 | D:1      | Found a roughly hewn altar of Beogh.
   123 | D:1      | Noticed an orc warrior
   124 | D:1      | Noticed an orc wizard
   127 | D:1      | Noticed an orc priest
   132 | D:1      | Gained mutation: Your movements are slightly less encumbered by armour. (ER -2) [demonic ancestry]
   132 | D:1      | Reached XP level 2. HP: 2/22 MP: 2/2
   511 | D:1      | Reached XP level 3. HP: 22/27 MP: 3/3
   629 | D:1      | Reached skill level 3 in Long Blades
  1483 | D:2      | Found a glowing golden altar of the Shining One.
  1485 | D:2      | Reached XP level 4. HP: 33/34 MP: 4/4
  1547 | D:2      | Found a basalt altar of Yredelemnul.
  1589 | D:2      | Reached skill level 1 in Armour
  1992 | D:2      | Found an ancient bone altar of Kikubaaqudgha.
  2290 | D:3      | Noticed Grinder
  2301 | D:3      | Killed Grinder
  2301 | D:3      | Reached skill level 4 in Long Blades
  2301 | D:3      | Reached XP level 5. HP: 41/41 MP: 5/5
  2301 | D:3      | Reached XP level 6. HP: 47/47 MP: 6/6
  3283 | D:3      | Found a shadowy altar of Dithmenos.
  3383 | D:3      | Found a runed door.
  3509 | D:3      | Noticed Crazy Yiuf
  3515 | D:3      | Killed Crazy Yiuf
  3515 | D:3      | Reached skill level 5 in Long Blades
  3755 | D:4      | Found Moecusud's Gadget Boutique.
  3769 | D:4      | Gained mutation: When hurt, damage is shared between your health and your magic reserves. [demonic ancestry]
  3769 | D:4      | Reached XP level 7. HP: 49/52 MP: 7/7
  3817 | D:4      | Noticed Dreamer's ghost (novice OpTm)
  3837 | D:5      | Entered Level 5 of the Dungeon
  3955 | D:5      | Found a staircase to the Ecumenical Temple.
  4038 | D:5      | Noticed Manul's ghost (novice DsGl)
  4060 | Temple   | Entered the Ecumenical Temple
  4160 | D:5      | Killed Manul's ghost
  4300 | D:5      | Reached skill level 6 in Long Blades
  4530 | D:5      | Gained mutation: You have a pair of small antennae on your head. [demonic ancestry]
  4530 | D:5      | Reached XP level 8. HP: 19/60 MP: 5/8
  5480 | D:4      | Killed Dreamer's ghost
  6142 | D:6      | Reached skill level 7 in Long Blades
  6207 | D:6      | Found a deep blue altar of Sif Muna.
  6224 | D:6      | Found a snail-covered altar of Cheibriados.
  6227 | D:6      | Found an opulent altar of Gozag.
  6235 | D:6      | Became a worshipper of Gozag Ym Sagoz the Greedy
  6811 | D:6      | Got a scintillating golden ring
  6818 | D:6      | Identified the ring of Arrival {*Contam rF+ Int+3 Dex+4} (You found it on level 6 of the Dungeon)
  6940 | D:6      | Reached skill level 1 in Stealth
  7291 | D:6      | Found a bloodstained altar of Trog.
  7513 | D:7      | Gained mutation: Your flesh is cold resistant. (rC+) [demonic ancestry]
  7513 | D:7      | Reached XP level 9. HP: 54/66 MP: 6/9
  7607 | D:7      | Reached skill level 8 in Long Blades
  7920 | D:7      | Reached skill level 5 in Armour
  8172 | D:8      | Reached skill level 5 in Fighting
  8278 | D:8      | Identified the Reference Book on Burning Attacks
  8637 | D:8      | Reached skill level 5 in Dodging
  8662 | D:8      | Reached skill level 9 in Long Blades
  8901 | D:8      | Found a staircase to the Lair.
  9185 | D:7      | Gained mutation: You regenerate magic rapidly. [demonic ancestry]
  9185 | D:7      | Reached XP level 10. HP: 42/76 MP: 8/10
  9566 | D:8      | HP: 3/76 [orc warrior/long sword (6)]
  9567 | D:8      | Killed from afar by an orc wizard

Vault maps used:
D:1:      erik_arrival_cave_to_civilisation, kennysheep_pointless_box
D:2:      nicolae_tso_carved_into_rock, kiku_gazebo_pond_becter,
          yredelemnul_altar_generic
D:3:      old_standard_altar, first_ration, uniq_crazy_yiuf_cottage,
          uniq_grinder
D:4:      serial_shops, shop
D:5:      cheibrodos_quashed, minmay_temple_entry_junction_2,
          portal_sewer_entry_b, kennysheep_decorative_pillar
D:6:      minmay_overflow_temple_star_quad, nrook_uturn, trog_hazing_becter
D:8:      minmay_lair_entry_grove
Temple:   zaba_magenta_temple

Skill      XL: |  1  2  3  4  5  6  7  8  9 |
---------------+----------------------------+-----
Throwing       | 2 |  2.3
Dodging        | 3 4 5 |  5.3
Long Blades    | 3 4 5 6 7 9 |  9.6
Armour         | 2 3 4 5 |  5.5
Fighting       | 3 4 6 |  6.0
Stealth        | 1 2 |  2.1

Action                   |  1- 3 |  4- 6 |  7- 9 | 10-12 || total
-------------------------+-------+-------+-------+-------++-------
Melee: Long sword        |    77 |   156 |   536 |    24 ||   793
Throw: Throwing net      |       |       |     1 |       ||     1
Invok: Potion Petition   |       |       |     1 |       ||     1
Evoke: Wand              |       |       |     2 |       ||     2
  Use: Potion            |       |     2 |     8 |       ||    10
       Scroll            |       |       |    13 |       ||    13
 Stab: Held in net/web   |       |       |     1 |       ||     1
       Invisible         |       |       |     4 |       ||     4
       Distracted        |       |       |     1 |       ||     1
       Sleeping          |       |       |     1 |       ||     1
  Eat: Chunk             |     2 |     7 |     6 |       ||    15
       Ration            |       |       |     5 |       ||     5
Armor: Leather armour    |    27 |       |       |       ||    27
       Ring mail         |     1 |    53 |   146 |     4 ||   204
       Skin              |       |       |     7 |       ||     7
Dodge: Dodged            |    71 |   122 |   317 |    10 ||   520
       Deflected         |       |     2 |    13 |       ||    15
Block: Other             |       |     2 |    87 |     1 ||    90
       Reflection        |       |       |     5 |       ||     5
       Rpst.: Long sword |    27 |    39 |   107 |     4 ||   177

Table legend:
 A = Spawn XP
 B = Non-spawn XP
 C = Spawn XP percentage of total XP
 D = Spawn monster count
 E = Non-spawn monster count
 F = Spawn count percentage of total count
 G = Total turns spent on level
                    A         B        C        D         E        F      G
               +---------+---------+-------+---------+---------+-------+---------
         Total |       0 |    5581 |   0.0 |       0 |     186 |   0.0 |  9567
               +---------+---------+-------+---------+---------+-------+---------
           D:1 |       0 |      58 |   0.0 |       0 |      21 |   0.0 |  1141
           D:2 |       0 |      85 |   0.0 |       0 |      23 |   0.0 |  1315
           D:3 |       0 |     538 |   0.0 |       0 |      30 |   0.0 |  1123
           D:4 |       0 |     504 |   0.0 |       0 |      14 |   0.0 |   909
           D:5 |       0 |     751 |   0.0 |       0 |      30 |   0.0 |  1544
           D:6 |       0 |     714 |   0.0 |       0 |      18 |   0.0 |  1365
           D:7 |       0 |     732 |   0.0 |       0 |      14 |   0.0 |   953
           D:8 |       0 |    2199 |   0.0 |       0 |      36 |   0.0 |  1138
               +---------+---------+-------+---------+---------+-------+---------
